 Dungeon Crawl Stone Soup version 0.31-a0-210-gccc998df9b (webtiles) character file.

Game seed: 5289947257952320865

335 qw the Shooter (level 6, -3/37 HPs)
             Began as a Gargoyle Hexslinger on June 29, 2023.
             Slain by a black bear (5 damage)
             ... on level 4 of the Dungeon.
             The game lasted 00:01:16 (2479 turns).

qw the Shooter (Gargoyle Hexslinger)                Turns: 2479, Time: 00:01:16

Health: -3/37      AC:  9    Str: 11    XL:     6   Next: 53%
Magic:  0/7        EV: 10    Int: 14    God:
Gold:   234        SH:  0    Dex: 14    Spells: 6/7 levels left

rFire   . . .        Y - +1 sling
rCold   . . .        (no shield)
rNeg    + . .        e - +0 ring mail
rPois   inf          (no helmet)
rElec   +            (no cloak)
rCorr   .            (no gloves)
SInv    .            (no boots)
Will    .....        i - amulet of guardian spirit
Stlth   +            (no ring)
HPRegen 0.26/turn    (no ring)
MPRegen 0.10/turn

%: guardian spirit
@: about to teleport
A: sickness immunity, AC +4, negative energy resistance 1, electricity
resistance, torment resistance 1, petrification resistance
a: no special abilities


You were on level 4 of the Dungeon.
You visited 1 branch of the dungeon, and saw 4 of its levels.

You collected 234 gold pieces.


Innate Abilities, Weirdness & Mutations

You are immune to sickness and miasma.
Your stone body is resilient. (AC +4)
You are immune to poison.
You resist negative energy. (rN+)
You are resistant to electric shocks. (rElec)
You are resistant to unholy torment.
You are immune to petrification.


   Skills:
 - Level 3.2 Fighting
 + Level 5.8 Ranged Weapons
 - Level 1.1 Armour
 - Level 1.5 Dodging
 - Level 1.0 Spellcasting
 - Level 2.6 Hexes


You had 6 spell levels left.
You knew the following spells:

 Your Spells              Type           Power      Damage    Failure   Level
a - Slow                  Hex            32%        N/A       21%         1

Your spell library contained the following spells:

 Spells                   Type           Power      Damage    Failure   Level
 Inner Flame              Hex/Fire       4%         N/A       71%         3
 Portal Projectile        Hex/Tloc       8%         N/A       71%         3
 Cause Fear               Hex            4%         N/A       90%         4

Inventory:

Hand Weapons
 Y - a +1 sling (weapon)
Armour
 e - a +0 ring mail (worn)
Jewellery
 i - an amulet of guardian spirit (around neck)
Scrolls
 c - 2 scrolls of identify
 k - a scroll of summoning {unknown}
Potions
 b - a potion of curing
 d - a potion of mutation {unknown}
 f - a potion of might {unknown}
 g - a potion of brilliance {unknown}
 h - a potion of degeneration {unknown}
 j - 2 potions of heal wounds

Dungeon Overview and Level Annotations

Branches:
Dungeon (4/15)
 Temple: D:4-7

Altars:
Dithmenos
Gozag
Kikubaaqudgha
Makhleb
Nemelex Xobeh
Sif Muna
Trog


Message History

The black bear barely misses you. The goblin closely misses you.
The goblin hits you with a +0 club. The black bear barely misses you. x3
You shoot a sling bullet. The sling bullet hits the black bear.
The black bear is severely wounded.
The black bear bites you!
The black bear claws you but does no damage.
The black bear barely misses you. The goblin barely misses you.
You shoot a sling bullet. The sling bullet hits the black bear.
The black bear is severely wounded.
The black bear goes berserk!
The goblin misses you.
You shoot a sling bullet.
The sling bullet hits the black bear but does no damage.
The black bear is severely wounded.
The black bear bites you! The black bear claws you.
The black bear claws you but does no damage.
The goblin barely misses you. The black bear barely misses you.
The black bear claws you but does no damage. x2
You shoot a sling bullet.
The sling bullet hits the black bear but does no damage.
The black bear is severely wounded.
The black bear closely misses you. The black bear claws you.
The black bear claws you but does no damage.
The goblin misses you.
The black bear bites you but does no damage.
The black bear barely misses you. x2
You shoot a sling bullet. The sling bullet hits the black bear.
The black bear is almost dead.
The goblin hits you but does no damage. The black bear barely misses you.
The black bear claws you.
The black bear claws you but does no damage.
The goblin misses you.
2479 ||| READING scroll of teleportation.
As you read the scroll of teleportation, it crumbles to dust.
You feel strangely unstable. The black bear barely misses you.
The black bear claws you but does no damage.
The black bear misses you. The black bear bites you.
The black bear claws you but does no damage.
The black bear claws you.
You die...

#.##.....##.....##.##############
#.##.....##..#..~#.#
...............~~~.#
#.##.....##....~~..#
..##.....##..#~~##.# ###
.........#~~##(# ..##.#~..#.# ..
#.#~..#.# #>.~~@..# ##~~gh###
#..~>... #..~..... #..)......
####...#### #...# ....#


You could see a black bear (berserk) and a goblin.

Vanquished Creatures
  2 scorpions (D:4)
  A howler monkey (D:3)
  2 hounds
  2 gnolls (D:4)
  5 adders
  A worm (D:2)
  A dart slug (D:1)
  5 ball pythons
  4 endoplasms
  3 giant cockroaches
  6 goblins
  4 hobgoblins
  8 kobolds
  2 quokkas
  5 bats
  3 frilled lizards (D:1)
  8 rats
62 creatures vanquished.

Notes
Turn   | Place    | Note
-------+----------+-------------------------------------------
     0 | D:1      | qw the Gargoyle Hexslinger began the quest for the Orb.
     0 | D:1      | Reached XP level 1. HP: 12/12 MP: 2/2
     0 | D:1      | 0 ||| qw: Version: 0.3-a-24-ga2abf7b
     0 | D:1      | 0 ||| qw: Game counter: 6792
     0 | D:1      | 0 ||| qw: Melee chars always use a shield: true
     0 | D:1      | 0 ||| qw: God list: Okawaru
     0 | D:1      | 0 ||| qw: Allow faded altars: false
     0 | D:1      | 0 ||| qw: Do Orc after clearing Dungeon:15 true
     0 | D:1      | 0 ||| qw: Do second Lair branch before Depths: true
     0 | D:1      | 0 ||| qw: Lair rune preference: random
     0 | D:1      | 0 ||| qw: Goals: Normal
     0 | D:1      | 0 ||| PLANNING D:1-11
   116 | D:1      | Reached XP level 2. HP: 16/16 MP: 3/3
   245 | D:1      | Reached skill level 3 in Ranged Weapons
   470 | D:1      | Reached XP level 3. HP: 21/21 MP: 4/4
   579 | D:1      | 579 ||| UPGRADING to +0 leather armour.
   589 | D:1      | 589 ||| DROPPING +0 robe.
   590 | D:1      | 590 ||| UPGRADING to amulet of guardian spirit.
   595 | D:1      | 595 ||| READING scroll labelled ZABONEEDUGH.
   596 | D:1      | 596 ||| READING 2 scrolls labelled TIOTAS JIFRAAX.
   597 | D:1      | 597 ||| READING scroll labelled SEYLAX FEGOP.
   598 | D:1      | 598 ||| DROPPING scroll of poison.
   599 | D:1      | 599 ||| DROPPING scroll of amnesia.
   889 | D:2      | Found an ancient bone altar of Kikubaaqudgha.
   941 | D:2      | HP: 5/21 [worm (4)]
  1026 | D:2      | Identified the +3 dagger of the Devouring Jester {spect,
                  | rF+ Str+3 Int+4}
  1490 | D:2      | 1490 ||| DROPPING scarf of invisibility.
  1491 | D:2      | 1491 ||| UPGRADING to +0 ring mail.
  1501 | D:2      | 1501 ||| DROPPING +0 leather armour.
  1502 | D:2      | 1502 ||| DRINKING 2 golden potions.
  1528 | D:3      | Found a sparkling altar of Nemelex Xobeh.
  1528 | D:3      | Found a shimmering blue altar of Sif Muna.
  1529 | D:3      | Found an ancient bone altar of Kikubaaqudgha.
  1531 | D:3      | Found a bloodstained altar of Trog.
  1532 | D:3      | Found an opulent altar of Gozag.
  1595 | D:3      | Reached skill level 4 in Ranged Weapons
  1595 | D:3      | Reached XP level 4. HP: 19/26 MP: 3/5
  1595 | D:3      | 1595 ||| FLEEEEING.
  1596 | D:3      | 1596 ||| FLEEEEING.
  1597 | D:3      | 1597 ||| FLEEEEING.
  1598 | D:3      | 1598 ||| FLEEEEING.
  1599 | D:3      | 1599 ||| FLEEEEING.
  1600 | D:3      | 1600 ||| FLEEEEING.
  1601 | D:3      | 1601 ||| FLEEEEING.
  1602 | D:3      | 1602 ||| FLEEEEING.
  1603 | D:3      | 1603 ||| FLEEEEING.
  1604 | D:3      | 1604 ||| FLEEEEING.
  1609 | D:3      | 1609 ||| FLEEEEING.
  1610 | D:3      | 1610 ||| FLEEEEING.
  1614 | D:3      | 1614 ||| FLEEEEING.
  1615 | D:3      | 1615 ||| FLEEEEING.
  1669 | D:3      | 1669 ||| FLEEEEING.
  1670 | D:3      | 1670 ||| FLEEEEING.
  1729 | D:3      | Found a burning altar of Makhleb.
  1748 | D:3      | Reached skill level 1 in Armour
  1842 | D:3      | Reached XP level 5. HP: 26/30 MP: 4/6
  1861 | D:3      | Found a shadowy altar of Dithmenos.
  1953 | D:3      | Reached skill level 5 in Ranged Weapons
  2105 | D:3      | 2105 ||| READING 2 scrolls labelled XUIMAE TAIG.
  2108 | D:3      | 2108 ||| DRINKING 2 fizzy blue potions.
  2183 | D:4      | Reached skill level 3 in Fighting
  2201 | D:4      | Reached XP level 6. HP: 37/37 MP: 7/7
  2241 | D:4      | 2241 ||| FLEEEEING.
  2242 | D:4      | 2242 ||| FLEEEEING.
  2468 | D:4      | Noticed a black bear
  2478 | D:4      | HP: 6/37 [black bear (6)]
  2479 | D:4      | 2479 ||| READING scroll of teleportation.
  2479 | D:4      | HP: 2/37 [black bear (4)]
  2479 | D:4      | Slain by a black bear

Levels and vault maps discovered:
D:1:      spicycebolla_arrival_xxxplode, layout_basic, minmay_misc_feat_tiny
D:2:      layout_loops_corners, basic_altar, minivault_27
D:3:      layout_rooms, bloody_makhleb, nicolae_overflow_crystal_walls,
          grunt_temple_overflow_open, kennysheep_generic_room_13
D:4:      layout_loops_cross, mainiacjoe_overflow_surrounded_room,
          mainiacjoe_overflow_paths, kennysheep_cross_room,
          chequers_serial_rivers_small_a

Skill      XL: |  1  2  3  4  5 |
---------------+----------------+-----
Ranged Weapons | 3 4 5 |  5.8
Fighting       | 2 3 |  3.2
Armour         | 1 |  1.1
Dodging        | |  1.5
Spellcasting   | |  1.0
Hexes          | |  2.6

Action                     |  1- 3 |  4- 6 || total
---------------------------+-------+-------++-------
   Fire: Sling             |   148 |   164 ||   312
    Use: Scroll            |     3 |     2 ||     5
         Potion            |     1 |     1 ||     2
 Armour: Robe              |    15 |       ||    15
         Leather armour    |    12 |       ||    12
         Ring mail         |     1 |    69 ||    70
  Dodge: Dodged            |    54 |    80 ||   134

Table legend:
 A = Non-vault XP
 B = Vault XP
 C = Vault XP percentage of total XP
 D = Non-vault monster count
 E = Vault monster count
 F = Vault count percentage of total count
                 A         B        C        D         E       F
            +---------+---------+-------+---------+---------+-------
      Total |     477 |       2 |   0.4 |      61 |       1 |   1.6
            +---------+---------+-------+---------+---------+-------
        D:1 |      41 |       0 |   0.0 |      25 |       0 |   0.0
        D:2 |      36 |       0 |   0.0 |      14 |       0 |   0.0
        D:3 |     147 |       2 |   1.3 |      11 |       1 |   8.3
        D:4 |     253 |       0 |   0.0 |      11 |       0 |   0.0
            +---------+---------+-------+---------+---------+-------
